 Dungeon Crawl Stone Soup version 0.32-a0-841-g4648e6c457 (webtiles) character file.

Game seed: 1372364798148791305

46 BigDaddyOpFi the Trooper (level 3, 0/26 HPs)
             Began as an Octopode Fighter on Mar 26, 2024.
             Slain by a gnoll
             ... wielding a +0 whip
              (8 damage)
             ... on level 2 of the Dungeon.
             The game lasted 00:02:20 (995 turns).

BigDaddyOpFi the Trooper (Octopode Fighter)          Turns: 995, Time: 00:02:20

Health: 0/26       AC:  1    Str: 17    XL:     3   Next: 66%
Magic:  3/3        EV: 12    Int: 10    God:
Gold:   27         SH:  4    Dex: 11    Spells: 2/2 levels left

rFire   . .          .
                       - Unarmed
rCold   . . .        a - +0 buckler
rNeg    + . .        (helmet restricted)
rPois   .            (no amulet)
rElec   .            g - ring of positive energy
rCorr   .            (no ring)
SInv    .            (no ring)
Will    .....        (no ring)
Stlth   ++           (no ring)
HPRegen 0.24/turn    (no ring)
MPRegen 0.08/turn    (no ring)
                     (no ring)

%: no passive effects
@: mighty
A: almost no armour, amphibious, 8 rings, camouflage 1, gelatinous body 1,
(nimble swimmer 1), tentacles
a: no special abilities


You were on level 2 of the Dungeon.
You visited 1 branch of the dungeon, and saw 2 of its levels.

You collected 27 gold pieces.

Inventory:

Armour
 a - a +0 buckler (worn)
Jewellery
 g - a ring of positive energy (left tentacle)
Scrolls
 d - a scroll of enchant armour {unknown}
 f - a scroll of teleportation {unknown}
 h - a scroll of summoning {unknown}
Potions
 c - a potion of degeneration {unknown}
 e - 2 potions of brilliance {unknown}
 i - a potion of mutation {unknown}


   Skills:
 + Level 3.4 Fighting
 + Level 3.4 Dodging
 + Level 3.3 Shields
 + Level 2.6 Unarmed Combat


You had 2 spell levels left.
You didn't know any spells.
Your spell library was empty.

Dungeon Overview and Level Annotations

Branches:
Dungeon (2/15)

Altars:

Shops:
D:2 =*


Innate Abilities, Weirdness & Mutations

You cannot wear most types of armour.
You are amphibious.
You can wear up to eight rings at the same time.
Your skin changes colour to match your surroundings (Stealth+).
Your rubbery body absorbs attacks. (AC +1, EV +1)
((You are camouflaged when in or above water. (Stealth+)))
You have tentacles for arms and can constrict up to eight enemies at once.


Message History

A rat comes into view.
The rat squeaks loudly.
Warning A giant cockroach comes into view.
Found a stone staircase leading up.
The rat barely misses you.
You barely miss the rat. You grab the rat. You constrict the rat.
You kill the rat!
You tentacle-slap the giant cockroach but do no damage.
Your grab misses the giant cockroach. The giant cockroach barely misses you.
You closely miss the giant cockroach. Your grab misses the giant cockroach.
You squeeze the giant cockroach.
You kill the giant cockroach!
No target in view!
Found 2 stones.
No target in view!
You now have 27 gold pieces (gained 19).
A gnoll comes into view. It is wielding a +0 whip.
You see here a potion of might.
Warning A gnoll comes into view. It is wielding a +0 halberd.
Found Ymokk's Assorted Antiques.
A gnoll comes into view. It is wielding a +0 whip.
The gnoll shouts!
You see here 2 stones.
Warning The gnoll shouts!
You block the gnoll's attack.
You see here a potion of might.
Unknown command.
b - a potion of might The gnoll barely misses you.
You tentacle-slap the gnoll but do no damage.
You grab the gnoll. You squeeze the gnoll.
The gnoll is lightly wounded.
You constrict the gnoll. The gnoll hits you with a +0 whip!
You feel very mighty all of a sudden.
You constrict the gnoll.
The gnoll hits you from afar with a +0 halberd!
The gnoll hits you with a +0 whip!
You die...

### #########.. .###
......<.. .... ..
#......## ....# ...
#.##...#######....# ..#
##........g........
#.#.###........#@........
#.##.#........(##........
..........##...##g.#...##
#..#.....##.####..# ..#
#......#..#.. ...# .#
#.##..#.#.##)###.## # #
#...#..# .# #g#
#######....# .# #.#
.....#.....# #∩#


You could see 3 gnolls.

Vanquished Creatures
  Terence (D:2)
  A dart slug (D:2)
  A ball python (D:1)
  2 endoplasms
  A giant cockroach (D:2)
  4 goblins
  2 hobgoblins
  A quokka (D:2)
  A bat (D:1)
  3 kobolds
  A rat (D:2)
18 creatures vanquished.

Notes
Turn   | Place    | Note
-------+----------+-------------------------------------------
     0 | D:1      | BigDaddyOpFi the Octopode Fighter began the quest for the
                  | Orb.
     0 | D:1      | Reached XP level 1. HP: 16/16 MP: 1/1
   454 | D:1      | Reached XP level 2. HP: 21/21 MP: 2/2
   815 | D:2      | Found Igahentoix's Jewellery Boutique.
   815 | D:2      | Noticed Terence
   836 | D:2      | Killed Terence
   837 | D:2      | Reached XP level 3. HP: 12/26 MP: 3/3
   982 | D:2      | Found Ymokk's Assorted Antiques.
   995 | D:2      | Slain by a gnoll

Illustrated notes

Levels and vault maps discovered:
D:1:      dpeg_arrival_arbitrary_b, layout_basic
D:2:      layout_loops_ring, serial_shops, shop, nicolae_shop_trees,
          nicolae_shop_gaudy_bauble, hangedman_decor_slide_cut, uniq_jessica,
          uniq_terence

Action                     || total
---------------------------++-------
  Melee: Unarmed           ||    46
         Tentacles         ||    11
         Constrict         ||    10
         Punch             ||     2
    Use: Potion            ||     2
   Stab: Sleeping          ||     3
 Armour: Skin              ||    14
  Dodge: Dodged            ||    23
  Block: Buckler           ||     4

Table legend: (Time is in decaauts)
 A = Elapsed time spent in this place.
 B = Non-inter-level travel time spent in this place.
 C = Inter-level travel time spent in this place.
 D = Time resting spent in this place.
 E = Time spent auto-exploring this place.
 F = Levels seen in this place.
 G = Mean time per level.
                   A        B        C        D        E       F      G
               +--------+--------+--------+--------+--------+-----+--------+
         Total |    994 |    965 |     29 |     51 |    757 |   2 |  497.0 |
       Dungeon |    994 |    965 |     29 |     51 |    757 |   2 |  497.0 |
               +--------+--------+--------+--------+--------+-----+--------+

Top non-repeatable levels by time:
     D:1: 723 daAuts
     D:2: 271 daAuts
